[Event "Titled Tuesday Blitz November 22 Early 2022"]
[White "Aloma Vidal, Robert"]
[Black "Ilkhomi, Jaloliddin"]
[WhiteFideId "2260409"]
[BlackFideId "14700948"]
[WhiteElo "2435"]
[BlackElo "2045"]
[Result "1/2-1/2"]
[Round "05"]
[TimeControl "180+1"]
[Date "2022.11.23"]
[WhiteClock "0:00:08"]
[BlackClock "0:00:07"]

1. e4 e6 2. d4 d5 3. e5 c5 4. c3 Qb6 5. Nf3 Bd7 6. Bd3 Bb5 7. dxc5 Bxc5 8. b4 Be7 9. a4 Bxd3 10. Qxd3 a5 11. Be3 Qc7 12. b5 Nd7 13. O-O Nc5 14. Qe2 Nh6 15. Bxh6 gxh6 16. Nbd2 Rg8 17. c4 Rd8 18. cxd5 Rxd5 19. Ne4 Nxe4 20. Qxe4 Rg6 21. Rac1 Qd7 22. b6 Bc5 23. h3 Kf8 24. Nh4 Rg7 25. Qf4 Qe7 26. Nf3 Kg8 27. Rc4 h5 28. Rfc1 Rg6 29. Qe4 Kg7 30. Qc2 Bxb6 31. Rc8 Bd8 32. Qe4 Qd7 33. Kh2 Rd1 34. Rxd1 Qxd1 35. Qe1 Qxe1 36. Nxe1 Bg5 37. Nd3 Bd2 38. Rc7 Bb4 39. Rxb7 Rg5 40. f4 Rf5 41. h4 Kg6 42. g3 f6 43. Kg2 fxe5 44. Nxe5+ Kh6 45. Kf3 Bc3 46. Nf7+ Kg6 47. Ng5 h6 48. Nxe6 Rd5 49. Ke4 Rd2 50. f5+ Kf6 51. Nf4 Rd4+ 52. Ke3 Kxf5 53. Rb5+ Kg4 54. Rxa5 Bxa5 55. Kxd4 Kxg3 56. Nxh5+ Kxh4 57. Ng7 Kg5 58. Ne6+ Kg4 59. Ng7 Bd8 60. Kc5 h5 61. Nxh5 Kxh5 62. Kd6 Kg5 63. Kc6 Ba5 64. Kb5 Be1 65. a5 Bxa5 1/2-1/2


[Site "https://www.chess.com"]

[Event "Titled Tuesday Blitz November 22 Early 2022"]
[White "Bacrot, Etienne"]
[Black "Wagner, Dennis"]
[WhiteFideId "605506"]
[BlackFideId "24650684"]
[WhiteElo "2666"]
[BlackElo "2470"]
[Result "1-0"]
[Round "05"]
[TimeControl "180+1"]
[Date "2022.11.22"]
[WhiteClock "0:00:05"]
[BlackClock "0:00:04"]

1. e4 e5 2. Nf3 Nc6 3. Bb5 a6 4. Ba4 Nf6 5. O-O Be7 6. d3 b5 7. Bb3 d6 8. a3 O-O 9. Nc3 Na5 10. Ba2 Be6 11. b4 Bxa2 12. Nxa2 Nc6 13. c4 h6 14. Nc3 Nd4 15. Be3 Nxf3+ 16. Qxf3 c6 17. Rfd1 Qc8 18. Rac1 Qe6 19. Ne2 Rfc8 20. Ng3 Bf8 21. Nf5 Kh7 22. d4 bxc4 23. d5 cxd5 24. exd5 Qd7 25. Nxh6 gxh6 26. Qxf6 Bg7 27. Qh4 c3 28. Rd3 f5 29. Rdxc3 Rxc3 30. Rxc3 Rc8 31. Rxc8 Qxc8 32. g3 Qc2 33. Qh5 Qd3 34. a4 Qb1+ 35. Kg2 Qd3 36. Qf3 Kg6 37. g4 f4 38. Bb6 Qc4 39. b5 Qxa4 40. bxa6 Qxa6 41. Qe4+ Kf7 42. Bc7 Bf6 43. Qf5 Kg7 44. Qd7+ Kg6 45. Qf5+ Kg7 46. Qd7+ Kg6 47. Bxd6 Qd3 48. Qe8+ Kg7 49. Qd7+ Kg6 50. Qe8+ Kg7 51. Bf8+ Kh7 52. Qf7+ Kh8 53. Qxf6+ Kh7 54. Qg7# 1-0


[Site "https://www.chess.com"]

[Event "Titled Tuesday Blitz November 22 Early 2022"]
[White "Barria Zuniga, Daniel"]
[Black "Dardha, Daniel"]
[WhiteFideId "3400816"]
[BlackFideId "240990"]
[WhiteElo "2414"]
[BlackElo "2528"]
[Result "0-1"]
[Round "05"]
[TimeControl "180+1"]
[Date "2022.11.23"]
[WhiteClock "0:00:01"]
[BlackClock "0:00:23"]

1. d4 Nf6 2. c4 e6 3. Nf3 d5 4. Nc3 h6 5. g3 Nc6 6. Bg2 Bd6 7. O-O O-O 8. e3 a6 9. c5 Be7 10. Rb1 a5 11. a3 b6 12. b4 axb4 13. axb4 bxc5 14. dxc5 Rb8 15. b5 Na5 16. c6 Nc4 17. Nd2 Nb6 18. Qe2 e5 19. Rd1 Be6 20. Nf3 Bd6 21. Ra1 e4 22. Nd4 Bg4 23. f3 exf3 24. Bxf3 Bxf3 25. Qxf3 Re8 26. Ra2 Be5 27. Rf2 Ra8 28. g4 Na4 29. Nxa4 Rxa4 30. h4 Qe7 31. Rdf1 Bxd4 32. exd4 Rxd4 33. g5 Rg4+ 34. Rg2 Qc5+ 35. Qf2 Qxf2+ 36. Kxf2 Ne4+ 37. Kf3 Rxg2 38. Kxg2 hxg5 39. hxg5 Rb8 40. Bf4 Rxb5 41. Rc1 Rb2+ 42. Kf3 Nd2+ 43. Ke3 Nb3 44. Rd1 d4+ 45. Ke4 Na5 46. Bxc7 Nxc6 47. Kd5 Rc2 48. Be5 Nxe5 49. Kxe5 Rc5+ 50. Kf4 Rd5 0-1


[Site "https://www.chess.com"]

[Event "Titled Tuesday Blitz November 22 Early 2022"]
[White "Baskakov, Egor"]
[Black "Drygalov, Sergey"]
[WhiteFideId "24197866"]
[BlackFideId "24171743"]
[WhiteElo "2211"]
[BlackElo "2528"]
[Result "1/2-1/2"]
[Round "05"]
[TimeControl "180+1"]
[Date "2022.11.22"]
[WhiteClock "0:00:55"]
[BlackClock "0:00:20"]

1. e4 c5 2. Nf3 d6 3. d4 cxd4 4. Nxd4 Nf6 5. Nc3 a6 6. a4 e5 7. Nde2 Be7 8. g3 Be6 9. Bg2 Nc6 10. Nd5 O-O 11. h3 Rc8 12. O-O Bxd5 13. exd5 Na5 14. b3 b6 15. Be3 Nb7 16. Qd3 a5 17. c4 Nc5 18. Qc2 Nfd7 19. Rad1 f5 20. f4 e4 21. Nd4 Qe8 22. g4 g6 23. Nc6 Bf6 24. Bd4 Nd3 25. Rxd3 exd3 26. Qxd3 Nc5 27. Qc3 Bxd4+ 28. Nxd4 Qf7 29. gxf5 gxf5 30. Ne6 Qf6 31. Qg3+ Kh8 32. Nxf8 Rxf8 33. Kh1 Rg8 34. Qe3 Qb2 35. Rf2 Qb1+ 36. Kh2 Qxb3 37. Qd4+ Rg7 38. Re2 h6 39. Qf6 Qg3+ 40. Kh1 Qg6 41. Qd8+ Kh7 42. Qxb6 Qh5 43. Re1 Ne4 44. Rxe4 fxe4 45. Bxe4+ Kh8 46. Qd8+ Rg8 47. Qf6+ Rg7 48. Qf8+ Rg8 49. Qf6+ Rg7 50. Qd8+ Rg8 51. Qf6+ 1/2-1/2


[Site "https://www.chess.com"]

[Event "Titled Tuesday Blitz November 22 Early 2022"]
[White "Bazeev, German"]
[Black "Indjic, Aleksandar"]
[WhiteFideId "24119350"]
[BlackFideId "911925"]
[WhiteElo "2493"]
[BlackElo "2592"]
[Result "1-0"]
[Round "05"]
[TimeControl "180+1"]
[Date "2022.11.22"]
[WhiteClock "0:00:06"]
[BlackClock "0:00:10"]

1. d4 Nf6 2. Nf3 e6 3. c4 c5 4. d5 d6 5. Nc3 exd5 6. cxd5 g6 7. h3 Bg7 8. e4 O-O 9. Bd3 Re8 10. O-O Nbd7 11. Bf4 c4 12. Bc2 Nc5 13. Re1 b5 14. Nd4 b4 15. Ncb5 Nfxe4 16. Qf3 a6 17. Nc6 Qb6 18. Nxd6 Nxd6 19. Bxd6 Bd7 20. Be5 b3 21. Bxg7 Kxg7 22. Qc3+ Kg8 23. Ne7+ Rxe7 24. Rxe7 bxc2 25. Qxc2 Qd6 26. Rae1 Bb5 27. b3 cxb3 28. axb3 Qxd5 29. R7e5 Qxb3 30. Qxc5 h5 31. Qd4 Qa4 32. Qd6 Qc4 33. Re7 Rc8 34. Qf6 Rf8 35. R7e4 Qc6 36. Qf4 Qd5 37. Re5 Qd7 38. g4 hxg4 39. hxg4 Qc6 40. R5e3 Qd5 41. Rh3 Bc6 42. f3 Qc5+ 43. Kg2 Qc2+ 44. Kg3 f5 45. g5 Qc3 46. Reh1 Qg7 47. Rh8+ Qxh8 48. Rxh8+ Kxh8 49. Qd6 Rc8 50. Qxg6 f4+ 51. Kxf4 Bb5 52. Qf6+ Kg8 53. Qg6+ Kh8 54. Qh6+ Kg8 55. Qe6+ Kh7 56. Qxc8 1-0


[Site "https://www.chess.com"]

[Event "Titled Tuesday Blitz November 22 Early 2022"]
[White "Berezin, Viktor"]
[Black "Sariego Figueredo, Wilfredo"]
[WhiteFideId "14107872"]
[BlackFideId "3500080"]
[WhiteElo "2310"]
[BlackElo "2309"]
[Result "1-0"]
[Round "05"]
[TimeControl "180+1"]
[Date "2022.11.23"]
[WhiteClock "0:01:34"]
[BlackClock "0:00:04"]

1. d4 d5 2. c4 c6 3. Nf3 Nf6 4. g3 a6 5. Bg2 dxc4 6. O-O e6 7. a4 Bb4 8. Qc2 O-O 9. Qxc4 Qe7 10. Nc3 Nbd7 11. e4 Bxc3 12. bxc3 Nxe4 13. Re1 Nef6 14. Ba3 c5 15. dxc5 Qd8 16. c6 Nb6 17. Qb3 Re8 18. Ne5 Qc7 19. cxb7 Bxb7 20. Bxb7 Qxb7 21. a5 Qd5 22. Qxb6 Reb8 23. Qd4 Qb3 24. Bb4 Nd5 25. Rab1 Qc2 26. Qd3 Qa2 27. Ra1 Nxb4 28. cxb4 Qb2 29. Rab1 Qa2 30. Qf3 f6 31. Nc6 Rb5 32. Ne7+ Kf7 33. Qxa8 Kxe7 34. Qxa6 Rf5 35. Qe2 Qd5 36. a6 Re5 37. Qc2 Rh5 38. Qc5+ Qxc5 39. bxc5 1-0


[Site "https://www.chess.com"]

[Event "Titled Tuesday Blitz November 22 Early 2022"]
[White "Bilych, Olexiy"]
[Black "Goryachkina, Aleksandra"]
[WhiteFideId "14156504"]
[BlackFideId "4147103"]
[WhiteElo "2320"]
[BlackElo "2484"]
[Result "1-0"]
[Round "05"]
[TimeControl "180+1"]
[Date "2022.11.22"]
[WhiteClock "0:00:47"]
[BlackClock "0:00:01"]

1. d4 Nf6 2. c4 e6 3. Nf3 d5 4. g3 dxc4 5. Bg2 Nbd7 6. O-O c6 7. a4 Be7 8. Nbd2 b5 9. axb5 cxb5 10. Ne5 Nxe5 11. Bxa8 Qxd4 12. Nf3 Nxf3+ 13. Bxf3 Qb6 14. Be3 Bc5 15. Bxc5 Qxc5 16. Qd2 O-O 17. Qa5 a6 18. Rfc1 e5 19. b3 e4 20. Bg2 Ng4 21. Qe1 e3 22. f3 Ne5 23. f4 Ng4 24. bxc4 bxc4 25. Qa5 Qd4 26. Qc3 Qd6 27. Qxc4 h5 28. Be4 Be6 29. Qc5 Qd7 30. f5 Nf6 31. fxe6 Qd2 32. e7 1-0


[Site "https://www.chess.com"]

[Event "Titled Tuesday Blitz November 22 Early 2022"]
[White "Bon, Michael"]
[Black "Kukreja, Sankalp"]
[WhiteFideId "620696"]
[BlackFideId "45027676"]
[WhiteElo "2341"]
[BlackElo "2154"]
[Result "1-0"]
[Round "05"]
[TimeControl "180+1"]
[Date "2022.11.23"]
[WhiteClock "0:00:44"]
[BlackClock "0:00:02"]

1. e4 c5 2. Nf3 e6 3. d4 cxd4 4. Nxd4 Nc6 5. Nc3 Qc7 6. Be3 a6 7. Bd3 Nf6 8. O-O b5 9. Nxc6 Qxc6 10. Be2 b4 11. e5 bxc3 12. exf6 cxb2 13. Rb1 Rb8 14. Qd4 Rg8 15. Bf3 Qb5 16. c4 Qb4 17. Rfd1 gxf6 18. Bc6 Qe7 19. Qa7 dxc6 20. Qxb8 Qb7 21. Rxb2 Qxb8 22. Rxb8 1-0


[Site "https://www.chess.com"]

[Event "Titled Tuesday Blitz November 22 Early 2022"]
[White "Boros, Denes"]
[Black "Goldin, Alexander"]
[WhiteFideId "722340"]
[BlackFideId "2019540"]
[WhiteElo "2464"]
[BlackElo "2632"]
[Result "1-0"]
[Round "05"]
[TimeControl "180+1"]
[Date "2022.11.23"]
[WhiteClock "0:00:10"]
[BlackClock "0:00:03"]

1. d4 d5 2. Nc3 Nf6 3. Nf3 c6 4. Qd3 Bg4 5. Bg5 Nbd7 6. Ne5 Bh5 7. Qh3 h6 8. Bxf6 Nxf6 9. g4 Bg6 10. g5 Nh5 11. e4 Qd6 12. exd5 Nf4 13. Qf3 Nxd5 14. Bc4 O-O-O 15. Bxd5 cxd5 16. O-O-O hxg5 17. Nb5 Qb6 18. Nxg6 fxg6 19. Nc3 Qf6 20. Qd3 Rh4 21. Nb5 a6 22. Qc3+ Kd7 23. Na3 Rc8 24. Qb3 Qc6 25. Rd3 Re4 26. Kb1 e6 27. Rc1 Bxa3 28. Qxa3 Qb5 29. Rb3 Qc6 30. Rg3 g4 31. Qd3 Qc4 32. Qd2 Re2 33. Qd1 Rxf2 34. Rxg4 Qe2 35. Qxe2 Rxe2 36. Rxg6 Kd6 37. Rxg7 b5 38. Rh7 Rc6 39. h4 Rh2 40. a3 a5 41. c3 b4 42. axb4 axb4 43. Rg1 bxc3 44. Rgg7 Rb6 45. Rd7+ Kc6 46. Rc7+ Kb5 47. Rxc3 Kb4 48. h5 Rh1+ 49. Rc1 Rh2 50. Rc2 Rh1+ 51. Rc1 Rh2 52. h6 Rh4 53. Rd1 Rb7 54. Rxb7+ Kc4 55. Rc7+ Kb3 56. Rc3+ Kb4 57. Ka2 Rxh6 58. Rdc1 e5 59. Rb3+ Ka4 60. Ra1 Rh1 61. Ra3+ Kb4 62. Rxh1 e4 63. Rb3+ Kc4 64. Rc1+ Kxd4 65. Rd1+ Ke5 66. Rb5 e3 67. Rbxd5+ Ke4 68. Rd8 1-0


[Site "https://www.chess.com"]

[Event "Titled Tuesday Blitz November 22 Early 2022"]
[White "Boruchovsky, Avital"]
[Black "Decuigniere, Tom"]
[WhiteFideId "2800055"]
[BlackFideId "26093820"]
[WhiteElo "2458"]
[BlackElo "2252"]
[Result "1-0"]
[Round "05"]
[TimeControl "180+1"]
[Date "2022.11.23"]
[WhiteClock "0:01:01"]
[BlackClock "0:00:12"]

1. c4 c5 2. Nc3 g6 3. Nf3 Bg7 4. g3 Nc6 5. Bg2 d6 6. e3 Bf5 7. O-O Bd3 8. Re1 Bxc4 9. d4 cxd4 10. exd4 d5 11. Ne5 Nf6 12. Nxc4 dxc4 13. d5 Nb8 14. d6 Nc6 15. Bxc6+ bxc6 16. Rxe7+ Kf8 17. Bf4 Kg8 18. Qe2 Bf8 19. Re1 Bxe7 20. dxe7 Qd3 21. Qe5 Qf5 22. Qxf5 gxf5 23. Be5 Kg7 24. Rd1 h5 25. Rd6 Rh6 26. Bxf6+ Rxf6 27. Rd8 Re6 28. Rxa8 Rxe7 29. Rc8 Re6 30. Rc7 a6 31. Kf1 Kf6 32. Ra7 c5 33. Rc7 Rb6 34. Nd5+ 1-0


[Site "https://www.chess.com"]

[Event "Titled Tuesday Blitz November 22 Early 2022"]
[White "Bristy, Mukherjee"]
[Black "Aldokhin, Ivan"]
[WhiteFideId "25077325"]
[BlackFideId "24115720"]
[WhiteElo "1715"]
[BlackElo "2313"]
[Result "0-1"]
[Round "05"]
[TimeControl "180+1"]
[Date "2022.11.23"]
[WhiteClock "0:00:07"]
[BlackClock "0:00:09"]

1. d4 Nf6 2. Bg5 e6 3. Nd2 h6 4. Bh4 Nc6 5. c3 d6 6. e4 g5 7. Bg3 Bg7 8. h4 Qe7 9. hxg5 hxg5 10. Rxh8+ Bxh8 11. Bb5 Bd7 12. Nh3 g4 13. Nf4 e5 14. dxe5 Nxe5 15. Bxd7+ Qxd7 16. Qe2 Qa4 17. b3 Qc6 18. Rc1 O-O-O 19. Kf1 Bg7 20. Nd3 Nxd3 21. Qxd3 Re8 22. Re1 Nh5 23. Qc4 Nxg3+ 24. fxg3 Qxc4+ 25. Nxc4 Bxc3 26. Rc1 Be5 27. Kf2 Bd4+ 28. Kf1 Kd7 29. Re1 b5 30. Na3 a6 31. Nc2 Bb6 32. Re2 Rh8 33. Ke1 Rh1+ 34. Kd2 Ke6 35. Kd3 Rd1+ 36. Kc3 Ke5 37. Kb2 Rf1 38. Nb4 Bd4+ 39. Kc2 Bc5 40. Nd3+ Kd4 41. Nf4 Rh1 42. Nd5 c6 43. Nc3 Ke5 44. Nd1 Bd4 45. a3 a5 46. a4 Rf1 47. axb5 cxb5 48. Nb2 Bxb2 49. Kxb2 Rd1 50. Kc2 Rd4 51. Re1 Rxe4 52. Ra1 Re2+ 53. Kd3 Rxg2 54. Rxa5 Rxg3+ 55. Kc2 d5 56. Rxb5 f5 57. Rb8 f4 58. Re8+ Kd4 59. Rf8 Rg2+ 60. Kb1 Rf2 61. b4 g3 62. Rg8 g2 63. b5 Rf1+ 0-1


[Site "https://www.chess.com"]

[Event "Titled Tuesday Blitz November 22 Early 2022"]
[White "Chan, Kim Yew"]
[Black "Samaganova, Aleksandra"]
[WhiteFideId "5717981"]
[BlackFideId "13800221"]
[WhiteElo "2206"]
[BlackElo "1864"]
[Result "0-1"]
[Round "05"]
[TimeControl "180+1"]
[Date "2022.11.23"]
[WhiteClock "0:00:03"]
[BlackClock "0:00:08"]

1. Nf3 c5 2. c4 Nf6 3. Nc3 e6 4. g3 Nc6 5. Bg2 Be7 6. O-O O-O 7. d4 cxd4 8. Nxd4 a6 9. e4 Qc7 10. Nde2 Rb8 11. Bf4 d6 12. Rc1 Ne5 13. b3 b6 14. h3 Bb7 15. Be3 Ng6 16. f4 Rfd8 17. g4 h6 18. Ng3 Nd7 19. Nd5 exd5 20. cxd5 Nc5 21. b4 Bf6 22. Nf5 Re8 23. Bd4 Qd8 24. bxc5 bxc5 25. Bxf6 Qxf6 26. Qd2 Bc8 27. Ng3 Nh4 28. Rb1 Bd7 29. Rfe1 Rb5 30. Nh5 Qd4+ 31. Qxd4 cxd4 32. Bf1 Rxb1 33. Rxb1 Rxe4 34. Rb8+ Re8 35. Rb6 Re1 36. Kf2 Rd1 37. Rxa6 Rxf1+ 38. Kg3 g5 39. Rxd6 Rf3+ 40. Kh2 Bb5 41. Rxh6 Rf2+ 42. Kg1 Rg2+ 43. Kh1 Rxa2 44. Nf6+ Kg7 45. fxg5 Nf3 46. Nh5+ Kf8 47. Rh8+ Ke7 48. d6+ Kxd6 49. Rd8+ Bd7 50. Rxd7+ Kxd7 51. Nf6+ Kc8 0-1


[Site "https://www.chess.com"]

[Event "Titled Tuesday Blitz November 22 Early 2022"]
[White "Chigaev, Maksim"]
[Black "Vaibhav Jayant Raut"]
[WhiteFideId "4108116"]
[BlackFideId "5089034"]
[WhiteElo "2541"]
[BlackElo "2147"]
[Result "1-0"]
[Round "05"]
[TimeControl "180+1"]
[Date "2022.11.22"]
[WhiteClock "0:00:06"]
[BlackClock "0:00:02"]

1. Nf3 Nf6 2. c4 g6 3. Nc3 Bg7 4. e4 d6 5. d4 O-O 6. Be2 Na6 7. O-O e5 8. Be3 Ng4 9. Bg5 Qe8 10. Rc1 Bd7 11. Re1 Kh8 12. h3 f6 13. Bd2 Nh6 14. a3 Nf7 15. b4 c6 16. Bf1 Nc7 17. Be3 Rd8 18. d5 a6 19. Bb6 Rc8 20. c5 dxc5 21. bxc5 Nb5 22. a4 Nxc3 23. Rxc3 f5 24. d6 Bf6 25. Rb3 Be6 26. Rb4 Qd7 27. Bc7 Rxc7 28. dxc7 Qxc7 29. Bc4 a5 30. Rxb7 Qxb7 31. Bxe6 f4 32. Qb1 Qe7 33. Bxf7 Rxf7 34. Qb6 Qc7 35. Nd2 Kg7 36. Nc4 f3 37. Qxc7 Rxc7 38. gxf3 Be7 39. Nxe5 Bxc5 40. Rc1 Bd6 41. Nxc6 Kf8 42. Rc4 Ke8 43. Nxa5 Ra7 44. Nb3 Rb7 45. Nd4 Rb2 46. Nb5 Be7 47. e5 Ra2 48. Nd6+ Kd7 49. Ne4 Bh4 50. Nc5+ Kc6 51. Rxh4 Kxc5 52. Rxh7 Rxa4 53. e6 Kd6 54. e7 Ra1+ 55. Kg2 Re1 56. Kg3 Kd7 57. Kg4 Re2 58. Kg3 Re1 59. f4 Ke8 60. Rg7 Kd7 61. h4 Ke8 62. Kg2 Re4 63. Kf3 Re6 64. f5 gxf5 65. Kf4 Rh6 66. Kg5 Rc6 67. h5 Rc2 68. h6 Rxf2 69. h7 Rh2 70. Rg8+ Kxe7 71. h8=Q 1-0


[Site "https://www.chess.com"]

[Event "Titled Tuesday Blitz November 22 Early 2022"]
[White "Chuemsakul, Sarocha"]
[Black "Devaev, Alexander"]
[WhiteFideId "6203710"]
[BlackFideId "4169395"]
[WhiteElo "1686"]
[BlackElo "2225"]
[Result "0-1"]
[Round "05"]
[TimeControl "180+1"]
[Date "2022.11.23"]
[WhiteClock "0:00:02"]
[BlackClock "0:00:21"]

1. d4 Nf6 2. c4 e6 3. g3 c5 4. Nf3 cxd4 5. Nxd4 Nc6 6. Bg2 Be7 7. O-O O-O 8. Nc3 Ne5 9. b3 d6 10. e4 a6 11. Bb2 Qc7 12. h3 Rb8 13. f4 Ng6 14. Rc1 Re8 15. f5 Ne5 16. g4 h6 17. Kh1 b6 18. Nf3 Bb7 19. Qe2 Bf8 20. Rfd1 Nfd7 21. Qf2 Ba8 22. Re1 Nd3 23. Qd2 Nxc1 24. Rxc1 Ne5 25. g5 hxg5 26. Qxg5 Nd3 27. Rc2 Nxb2 28. Rxb2 Be7 29. Qg3 Bf6 30. Rc2 exf5 31. exf5 b5 32. Ne2 Re3 33. Qf4 Rbe8 34. Ng3 Bxf3 35. Bxf3 Re1+ 36. Kh2 Be5 37. Qg4 Qe7 38. Rg2 bxc4 39. bxc4 Qf6 40. h4 Rb8 41. Kh3 Rbb1 42. Rh2 Bxg3 43. Qxg3 Qxf5+ 44. Bg4 Qf1+ 45. Rg2 Rb2 46. Bf3 Rxg2 47. Bxg2 Qf5+ 48. Kh2 Qe5 0-1


[Site "https://www.chess.com"]

[Event "Titled Tuesday Blitz November 22 Early 2022"]
[White "Crevatin, Leo"]
[Black "Chernov, Mikhail"]
[WhiteFideId "1726307"]
[BlackFideId "24143170"]
[WhiteElo "2208"]
[BlackElo "2113"]
[Result "0-1"]
[Round "05"]
[TimeControl "180+1"]
[Date "2022.11.23"]
[WhiteClock "0:00:01"]
[BlackClock "0:00:05"]

1. d4 d5 2. Bf4 Nf6 3. e3 c5 4. Nf3 Nc6 5. Nbd2 Qb6 6. dxc5 Qxb2 7. Rb1 Qa3 8. c4 e6 9. Nb3 Ne4 10. cxd5 Nc3 11. Qc1 Nxb1 12. Qxb1 exd5 13. Bd3 Bxc5 14. O-O Bd6 15. Nbd4 Bxf4 16. exf4 Nxd4 17. Nxd4 O-O 18. Bxh7+ Kh8 19. Bc2 Qd6 20. Qc1 Bd7 21. Qd2 Rac8 22. h4 Rfe8 23. Qd3 Re4 24. f3 Rxc2 25. fxe4 Rxa2 26. e5 Qc5 27. Kh1 Qc4 28. Qd1 Ra4 29. Nc2 d4 30. Rf2 Bf5 31. Ne1 d3 32. g3 Qd5+ 33. Kh2 Ra2 34. Rxa2 Qxa2+ 35. Kg1 Qc4 36. Qd2 Qd4+ 37. Kg2 Be4+ 38. Kh2 a5 39. g4 a4 40. Kg3 a3 41. g5 a2 42. Qxa2 d2 43. Nc2 Qd3+ 44. Kg4 d1=Q# 0-1


[Site "https://www.chess.com"]

[Event "Titled Tuesday Blitz November 22 Early 2022"]
[White "Darini, Pouria"]
[Black "Xu, Yi"]
[WhiteFideId "12502200"]
[BlackFideId "8605564"]
[WhiteElo "2483"]
[BlackElo "2471"]
[Result "0-1"]
[Round "05"]
[TimeControl "180+1"]
[Date "2022.11.23"]
[WhiteClock "0:00:06"]
[BlackClock "0:00:36"]

1. e4 c5 2. Nf3 d6 3. Nc3 Nf6 4. Bb5+ Nbd7 5. a4 a6 6. Bc4 e6 7. O-O Be7 8. Re1 Ne5 9. Nxe5 dxe5 10. a5 O-O 11. b3 Nd7 12. Bf1 Nb8 13. Bb2 Nc6 14. Ne2 Bd6 15. Bc3 Bc7 16. Ng3 Bxa5 17. Bxa5 Nxa5 18. Qg4 Nc6 19. h4 Qxd2 20. Re3 Qd8 21. Nh5 g6 22. Ng3 f5 23. exf5 exf5 24. Qc4+ Kh8 25. Qxc5 Be6 26. h5 Qf6 27. hxg6 hxg6 28. Rae1 Kg7 29. Bc4 Bxc4 30. Qxc4 Rad8 31. Rd3 e4 32. Rxd8 Rxd8 33. Ne2 Qe5 34. g3 g5 35. Kg2 f4 36. gxf4 gxf4 37. Rg1 Qg5+ 38. Kh2 Rh8# 0-1


[Site "https://www.chess.com"]

[Event "Titled Tuesday Blitz November 22 Early 2022"]
[White "Donchenko, Alexander"]
[Black "Kleiman, Jake"]
[WhiteFideId "24603295"]
[BlackFideId "2020041"]
[WhiteElo "2572"]
[BlackElo "2587"]
[Result "1-0"]
[Round "05"]
[TimeControl "180+1"]
[Date "2022.11.23"]
[WhiteClock "0:00:50"]
[BlackClock "0:00:12"]

1. Nf3 Nf6 2. g3 e6 3. Bg2 d5 4. O-O b5 5. a4 b4 6. c4 bxc3 7. bxc3 c5 8. d4 Be7 9. c4 O-O 10. Na3 Bb7 11. Rb1 Bc6 12. Ne5 Be8 13. Bg5 cxd4 14. Nb5 Nc6 15. Nxc6 Bxc6 16. Nxd4 Be8 17. cxd5 Nxd5 18. Bxe7 Qxe7 19. Bxd5 exd5 20. Qb3 Qe5 21. e3 Bd7 22. Rfd1 Rab8 23. Qa2 Qe4 24. Nb5 Bh3 25. Qxd5 Qxa4 26. Nd4 g6 27. Rdc1 Rfd8 28. Rxb8 Rxb8 29. Nc6 Qa3 30. Rd1 Re8 31. Qd4 a6 32. Ra1 Qb3 33. Ne7+ Kf8 34. Nd5 1-0


[Site "https://www.chess.com"]

[Event "Titled Tuesday Blitz November 22 Early 2022"]
[White "Donskov, Anatoly"]
[Black "Nugumanov, Bakhtiyar"]
[WhiteFideId "24143413"]
[BlackFideId "13701797"]
[WhiteElo "2219"]
[BlackElo "2287"]
[Result "0-1"]
[Round "05"]
[TimeControl "180+1"]
[Date "2022.11.23"]
[WhiteClock "0:00:01"]
[BlackClock "0:00:13"]

1. e4 d6 2. d4 Nf6 3. Nc3 g6 4. Bg5 Bg7 5. f4 h6 6. Bh4 O-O 7. Qd2 e5 8. fxe5 Nxe4 9. Qf4 dxe5 10. dxe5 g5 11. Qxe4 gxh4 12. Bd3 f5 13. Qe2 Nc6 14. Nf3 Nd4 15. Qe3 Nxf3+ 16. gxf3 f4 17. Qe2 Bxe5 18. Rg1+ Bg7 19. O-O-O Qe8 20. Bc4+ Kh8 21. Qg2 Qe5 22. Rd5 Qf6 23. Rh5 h3 24. Qf2 c6 25. Qc5 b5 26. Bd3 b4 27. Nd1 a5 28. Qc4 Be6 29. Qe4 Kg8 30. Qh7+ Kf7 0-1


[Site "https://www.chess.com"]

[Event "Titled Tuesday Blitz November 22 Early 2022"]
[White "Erdogdu, Mert"]
[Black "Kulkarni, Vikramaditya"]
[WhiteFideId "6301495"]
[BlackFideId "5009847"]
[WhiteElo "2413"]
[BlackElo "2273"]
[Result "1-0"]
[Round "05"]
[TimeControl "180+1"]
[Date "2022.11.23"]
[WhiteClock "0:01:16"]
[BlackClock "0:01:05"]

1. e4 e6 2. d4 d5 3. exd5 exd5 4. c4 Nf6 5. Nc3 Bb4 6. Bd3 O-O 7. Ne2 Be6 8. cxd5 Nxd5 9. O-O Nc6 10. a3 Be7 11. Bc2 g6 12. Bh6 Re8 13. Qd2 Bf6 14. Rad1 Qd7 15. Ne4 Bg7 16. Nc5 Qe7 17. Bxg7 Kxg7 18. Nxb7 Rab8 19. Ba4 Bd7 20. Nc5 Nb6 21. Bb5 Nd5 22. a4 Rb6 23. Nc3 Ndb4 24. Nxd7 Qxd7 25. d5 a6 26. Bxc6 Nxc6 27. dxc6 1-0


[Site "https://www.chess.com"]

[Event "Titled Tuesday Blitz November 22 Early 2022"]
[White "Fabris, Alberto"]
[Black "Ciuffoletti, Paolo"]
[WhiteFideId "801348"]
[BlackFideId "807630"]
[WhiteElo "2140"]
[BlackElo "2143"]
[Result "1-0"]
[Round "05"]
[TimeControl "180+1"]
[Date "2022.11.23"]
[WhiteClock "0:00:16"]
[BlackClock "0:00:01"]

1. d4 d5 2. Nf3 Nf6 3. g3 g6 4. Bg2 Bg7 5. O-O O-O 6. c4 c6 7. Nc3 dxc4 8. a4 a5 9. Ne5 Na6 10. Nxc4 Nb4 11. e4 Nd7 12. Be3 Nb6 13. Na3 Be6 14. Qd2 Nc4 15. Nxc4 Bxc4 16. Rfd1 e6 17. Rac1 Qd7 18. Ne2 Bb3 19. Rf1 Bxa4 20. Nc3 Bb3 21. Ne2 Ba4 22. Nc3 Bb3 23. Ne2 Rfd8 24. h4 Ba4 25. h5 Bb5 26. h6 Bh8 27. Rfd1 Bxe2 28. Qxe2 Qc7 29. Qc4 Qe7 30. Bf3 Qf6 31. Kg2 Qe7 32. Rd2 Rac8 33. Rcd1 b5 34. Qb3 Qc7 35. Bf4 e5 36. dxe5 Rxd2 37. Rxd2 Bxe5 38. Be3 Qe7 39. Qa3 Bd6 40. Qa1 c5 41. Qd1 Rd8 42. Bxc5 Bxc5 43. Rxd8+ Qf8 44. Rxf8+ Bxf8 45. Qd2 1-0


[Site "https://www.chess.com"]

[Event "Titled Tuesday Blitz November 22 Early 2022"]
[White "Fedoseev, Vladimir"]
[Black "Aradhya, Garg"]
[WhiteFideId "24130737"]
[BlackFideId "25006746"]
[WhiteElo "2726"]
[BlackElo "2223"]
[Result "1-0"]
[Round "05"]
[TimeControl "180+1"]
[Date "2022.11.22"]
[WhiteClock "0:00:05"]
[BlackClock "0:00:07"]

1. e4 e5 2. Nf3 Nc6 3. Bb5 a6 4. Bxc6 dxc6 5. O-O Bd6 6. d4 exd4 7. Qxd4 f6 8. Be3 Ne7 9. Nbd2 Be6 10. Rfd1 Ng6 11. Nc4 Bxc4 12. Qxc4 Qe7 13. a4 O-O-O 14. b4 Rhe8 15. b5 Qxe4 16. Rd4 Qe6 17. bxa6 Qxc4 18. axb7+ Kxb7 19. Rxc4 Ne7 20. Nd4 Ra8 21. g3 Ra6 22. Bd2 Be5 23. Rb1+ Kc8 24. Ne6 Nf5 25. Nc5 Ra8 26. Nd3 Bd6 27. a5 Re2 28. Rd1 Ra6 29. Kf1 Re6 30. Re1 Rxe1+ 31. Kxe1 Ne7 32. Rh4 h6 33. Rg4 g5 34. Re4 Kd7 35. h4 c5 36. Rc4 Kc6 37. h5 Kb5 38. Nb2 Be5 39. Re4 Nf5 40. c4+ Kc6 41. Nd3 Nd6 42. Nxe5+ fxe5 43. Rxe5 Nxc4 44. Re6+ Kb5 45. Rxa6 Kxa6 46. Bc3 Nd6 47. Ke2 Nf5 48. Kd3 Kb5 49. Ke4 Nd6+ 50. Kd5 Nb7 51. Bg7 c4 52. Bxh6 g4 53. Bf4 Nd8 54. h6 Nf7 55. h7 c3 56. Ke6 Nh8 57. Kf6 c2 58. Kg7 1-0


[Site "https://www.chess.com"]